 Dungeon Sprint DCSS version 0.31-a0-133-gaae73658be (webtiles) character file.

Game seed: 18290986064899707857

345 dialectric the Unseen (level 6, -3/33 HPs)
             Began as a Spriggan Brigand on June 3, 2023.
             Slain by a merfolk siren
             ... wielding a +0 trident
              (23 damage)
             ... in the Dungeon (Sprint II: "The Violet Keep of Menkaure").
             The game lasted 00:00:37 (61 turns).

dialectric the Unseen (Spriggan Brigand)              Turns: 61, Time: 00:00:38

Health: -3/33      AC:  3    Str:  7    XL:     6   Next: 32%
Magic:  7/7        EV: 18    Int: 12    God:
Gold:   243        SH:  0    Dex: 19    Spells: 5/5 levels left

rFire   . . .        a - +2 dagger
rCold   . . .        (no shield)
rNeg    . . .        b - +0 robe
rPois   .            (helmet restricted)
rElec   .            c - +0 cloak
rCorr   .            (gloves unavailable)
SInv    +            (boots unavailable)
Will    +....        (no amulet)
Stlth   +++++++      (no ring)
HPRegen 0.25/turn    (no ring)
MPRegen 0.10/turn

%: no teleportation
@: very quick
A: very small, no large weapons, unfitting armour, see invisible, speed 3
a: no special abilities


You were in the Dungeon.
You visited 1 branch You collected 243 gold pieces.

Inventory:

Hand Weapons
 a - a +2 dagger (weapon)
Missiles
 d - 9 poisoned darts (quivered)
Armour
 b - a +0 robe (worn)
 c - a +0 cloak (worn)
Scrolls
 k - a scroll of blinking
Potions
 f - a potion of curing
 g - a potion of heal wounds
 h - a potion of haste
 i - 2 potions of magic
 j - a potion of berserk rage


   Skills:
 + Level 3.7 Fighting
 + Level 5.2 Short Blades
 - Level 3.4 Throwing
 + Level 2.8 Dodging
 + Level 18.1 Stealth


You had 5 spell levels left.
You didn't know any spells.
Your spell library was empty.

Dungeon Overview and Level Annotations

Branches:
Dungeon (1/1)

Altars:

Shops:
D (


Innate Abilities, Weirdness & Mutations

You are very small and have problems with some larger weapons.
You are too small for most types of armour.
You have supernaturally acute eyesight. (SInv)
You cover ground extremely quickly. (Speed+++)


Message History

Unknown command.
You open the door.
A merfolk siren comes into view. It is wielding a +0 trident.
There is an open door here.
Found 243 gold pieces.
The merfolk siren shouts!
The merfolk siren completely misses you.
You hit the merfolk siren.
The merfolk siren is lightly wounded.
The merfolk siren closely misses you.
Unknown command.
Throw: 3 darts (curare)
Press: ? - help, Q - select action, (/) - cycle Shift-Dir - straight line, f - merfolk siren
Aim: a merfolk siren, wielding a +0 trident (lightly wounded, 56% to hit)
You throw a curare-tipped dart.
The curare-tipped dart hits the merfolk siren.
The merfolk siren is poisoned.
The merfolk siren convulses.
The merfolk siren seems to slow down.
The merfolk siren is moderately wounded.
Unknown command.
The merfolk siren misses you.
There is an open door here.
Throw: 2 darts (curare)
Press: ? - help, Q - select action, (/) - cycle Shift-Dir - straight line, f/p - merfolk siren
Aim: a merfolk siren, wielding a +0 trident (moderately wounded, very poisoned, slow, 56% to hit)
You throw a curare-tipped dart.
The curare-tipped dart barely misses the merfolk siren.
Unknown command.
Throw: dart (curare)
Press: ? - help, Q - select action, (/) - cycle Shift-Dir - straight line, f/p - merfolk siren
Aim: a merfolk siren, wielding a +0 trident (moderately wounded, very poisoned, slow, 56% to hit)
You throw a curare-tipped dart.
The curare-tipped dart closely misses the merfolk siren.
The merfolk siren barely misses you.
Unknown command.
You hit the merfolk siren but do no damage.
The merfolk siren is moderately wounded.
The merfolk siren hits you with a +0 trident!!
Ouch! That really hurt!
You die...

##~~~.........#
.#~~~~†##'##..#
.#~~~~##...## #
.#~~~~#†.#..#
.#~~# ##.#.####
.#~##l
##'###.## ∩#~
#$##.##...# .+
#+.<.'.#$+
#.##.##@m.# #l
#+###.## # ##


You could see a merfolk siren (poisoned, slow).

Vanquished Creatures
  A water moccasin (D)
  4 necrophages (D)
5 creatures vanquished.

Notes
Turn   | Place    | Note
-------+----------+-------------------------------------------
     0 | D        | dialectric the Spriggan Brigand began the quest for the
                  | Orb.
     0 | D        | Reached XP level 1. HP: 10/10 MP: 2/2
     1 | D        | Noticed a wyvern
     1 | D        | Noticed a wyvern
     4 | D        | Noticed a necrophage
     4 | D        | Noticed a necrophage
     4 | D        | Noticed a necrophage
     4 | D        | Noticed a necrophage
     7 | D        | Killed a necrophage
     8 | D        | Reached skill level 11 in Stealth
     8 | D        | Reached XP level 2. HP: 16/16 MP: 3/3
     8 | D        | Reached XP level 3. HP: 19/19 MP: 4/4
     8 | D        | Killed a necrophage
     9 | D        | Reached skill level 13 in Stealth
     9 | D        | Reached XP level 4. HP: 23/23 MP: 5/5
    11 | D        | Killed a necrophage
    12 | D        | Reached skill level 15 in Stealth
    12 | D        | Reached XP level 5. HP: 28/28 MP: 6/6
    13 | D        | Noticed a flying skull
    13 | D        | Noticed a flying skull
    14 | D        | Noticed a flying skull
    14 | D        | Noticed a flying skull
    14 | D        | Noticed a flying skull
    14 | D        | Noticed a flying skull
    14 | D        | Noticed a flying skull
    15 | D        | Noticed a flying skull
    15 | D        | Noticed a flying skull
    15 | D        | Noticed a flying skull
    15 | D        | Noticed a water moccasin
    16 | D        | Found Lopn's Weapon Boutique.
    17 | D        | Killed a water moccasin
    18 | D        | Reached skill level 17 in Stealth
    18 | D        | Reached XP level 6. HP: 32/32 MP: 7/7
    31 | D        | Noticed a flying skull
    36 | D        | Noticed a flying skull
    43 | D        | Reached skill level 5 in Short Blades
    43 | D        | Reached skill level 18 in Stealth
    52 | D        | Noticed a merfolk siren
    61 | D        | Slain by a merfolk siren

Illustrated notes

Levels and vault maps discovered:
D:        the_violet_keep_of_menkaure [sprint2_stairs_cluster_1,
          sprint2_shoproom, sprint2_temple, sprint2_basic_supplies,
          sprint2_obstacle_6, sprint2_obstacle_3, sprint2_obstacle_1,
          sprint2_obstacle_5, sprint2_obstacle_7, sprint2_timed_cluster_1,
          sprint2_smallroom_cluster_1, sprint2_smallroom_final_cluster_1,
          sprint2_transparent_cluster_1, sprint2_second_timed_cluster_1,
          sprint2_sniper_area_1, sprint2_heavy_combat_area_1,
          sprint2_mutation_trap_area_1, sprint2_forest_area_1,
          sprint2_light_combat_area_1, sprint2_behind_water_1,
          sprint2_near_end_vault_1]

Skill      XL: |  1  2  3  4  5  6 |
---------------+-------------------+-----
Fighting       | 2 3 |  3.7
Short Blades   | 3 4 5 |  5.2
Stealth        | 11 13 15 17 18 | 18.1
Throwing       | 3 |  3.4
Dodging        | 2 |  2.8

Action                     |  1- 3 |  4- 6 || total
---------------------------+-------+-------++-------
  Melee: Dagger            |     2 |    29 ||    31
         Punch             |       |     1 ||     1
  Throw: Dart              |       |     3 ||     3
   Stab: Sleeping          |     2 |     2 ||     4
 Armour: Robe              |       |     1 ||     1
  Dodge: Dodged            |     2 |    18 ||    20

Table legend: (Time is in decaauts)
 A = Elapsed time spent in this place.
 B = Non-inter-level travel time spent in this place.
 C = Inter-level travel time spent in this place.
 D = Time resting spent in this place.
 E = Time spent auto-exploring this place.
 F = Levels seen in this place.
 G = Mean time per level.
                   A        B        C        D        E       F      G
               +--------+--------+--------+--------+--------+-----+--------+
         Total |     45 |     45 |      0 |      0 |      0 |   1 |   45.0 |
       Dungeon |     45 |     45 |      0 |      0 |      0 |   1 |   45.0 |
               +--------+--------+--------+--------+--------+-----+--------+

Top non-repeatable levels by time:
       D: 45 daAuts
